 Dungeon Crawl Stone Soup version 0.27.1-2-g3b301248ec (webtiles) character file.

Game seed: 1874690209338051886

513 cummra the Digger (level 7, -2/36 HPs)
             Began as a Gargoyle Earth Elementalist on Oct 1, 2021.
             Slain by Blork the orc (11 damage)
             ... on level 4 of the Dungeon.
             The game lasted 00:14:53 (5321 turns).

cummra the Digger (Gargoyle Earth Elementalist)     Turns: 5321, Time: 00:14:54

Health: -2/36      AC: 12    Str: 11    XL:     7   Next: 20%
Magic:  0/13       EV: 11    Int: 18    God:
Gold:   140        SH:  5    Dex: 10    Spells: 11/15 levels left

rFire    . . .     SeeInvis .   t - +0 flail
rCold    . . .     Faith    .   (no shield)
rNeg     + . .     Spirit   .   b - +0 robe
rPois    ∞         Reflect  +   e - +0 helmet
rElec    +         Harm     .   (no cloak)
rCorr    .         Rampage  .   (no gloves)
Will     .....                  d - +0 pair of boots
Stlth    ++........             a - amulet of reflection
HPRegen  0.12/turn              r - +4 ring of protection
MPRegen  0.13/turn              (no ring)

@: no status effects
A: sickness immunity, AC +4, negative energy resistance 1, electricity
resistance, torment resistance 1, petrification resistance
a: no special abilities


You were on level 4 of the Dungeon.
You visited 1 branch of the dungeon, and saw 4 of its levels.

You collected 140 gold pieces.

Inventory:

Hand Weapons
 t - a +0 flail (weapon)
Missiles
 c - 52 stones
Armour
 b - a +0 robe (worn)
 d - a +0 pair of boots (worn)
 e - a +0 helmet (worn)
Jewellery
 a - an amulet of reflection (around neck)
 j - a ring of ice
 p - a ring of protection from cold
 r - a +4 ring of protection (left hand)
Scrolls
 h - a scroll of noise {unknown}
 k - a scroll of fear {unknown}
 l - 2 scrolls of teleportation {unknown}
 m - a scroll of enchant armour {unknown}
 o - 2 scrolls of vulnerability {unknown}
 q - a scroll of identify {unknown}
Potions
 f - a potion of flight {unknown}
 g - a potion of haste {unknown}
 i - a potion of heal wounds {unknown}
 n - a potion of curing
 s - a potion of brilliance {unknown}


   Skills:
 - Level 1.5 Dodging
 - Level 2.1 Stealth
 + Level 4.5 Spellcasting
 + Level 3.6 Conjurations
 - Level 0.7 Transmutations
 + Level 6.5 Earth Magic


You had 11 spell levels left.
You knew the following spells:

 Your Spells              Type           Power      Damage    Failure   Level
a - Sandblast             Erth           54%        2d13      1%          1
b - Stone Arrow           Conj/Erth      44%        3d9       5%          3

Your spell library contained the following spells:

 Spells                   Type           Power      Damage    Failure   Level
 Passwall                 Tmut/Erth      14%        N/A       4%          2
 Summon Small Mammal      Summ           16%        N/A       14%         1
 Petrify                  Tmut/Erth      17%        N/A       30%         4
 Call Canine Familiar     Summ           4%         N/A       38%         3
 Summon Guardian Golem    Hex/Summ       4%         N/A       38%         3


Dungeon Overview and Level Annotations

Branches:
Dungeon (4/15)
 Temple: D:4-7

Altars:
Elyvilon
Hepliaklqana
Zin
The Shining One

Annotations:
D:3 3 runed translucent doors, barney's ghost, amateur DrTm
D:4 Blork the orc


Innate Abilities, Weirdness & Mutations

You are immune to sickness and miasma.
Your stone body is resilient. (AC +4)
You are immune to poison.
You resist negative energy. (rN+)
You are resistant to electric shocks. (rElec)
You are resistant to unholy torment.
You are immune to petrification.


Message History

Blork the orc is heavily wounded.
Casting: Sandblast (safe; 1% risk of failure)
Confirm with . or Enter, or press ? or * to list all spells.
Aiming: Sandblast (safe; 1% risk of failure)
Press: ? - help, Shift-Dir - straight line, f/p - Blork the orc
Aim: Blork the orc, wielding a +6 dire flail of protection and wearing a +0 robe (heavily wounded, fast, 83% to hit)
The blast of sand misses Blork the orc.
You block Blork the orc's attack.
Blork the orc hits you with a +6 dire flail of protection!
Blork the orc casts a spell at you.
The puff of frost hits you but does no damage.
Blork the orc hits you but does no damage.
Blork the orc points at you and mumbles some strange words.
The puff of frost hits you.
* * * LOW HITPOINT WARNING * * *
Blork the orc hits you with a +6 dire flail of protection.
* * * LOW HITPOINT WARNING * * *
It was a potion of curing.
You feel better.
Blork the orc looks encouraged for a moment.
Blork the orc hits you with a +6 dire flail of protection!
* * * LOW HITPOINT WARNING * * *
You feel better. Blork the orc barely misses you.
Casting: Sandblast (safe; 1% risk of failure)
Confirm with . or Enter, or press ? or * to list all spells.
Aiming: Sandblast (safe; 1% risk of failure)
Press: ? - help, Shift-Dir - straight line, f/p - Blork the orc
Aim: Blork the orc, wielding a +6 dire flail of protection and wearing a +0 robe (heavily wounded, fast, 83% to hit)
The blast of sand hits Blork the orc!
Blork the orc is severely wounded.
Blork the orc closely misses you. Blork the orc barely misses you.
Casting: Sandblast (safe; 1% risk of failure)
Confirm with . or Enter, or press ? or * to list all spells.
Aiming: Sandblast (safe; 1% risk of failure)
Press: ? - help, Shift-Dir - straight line, f/p - Blork the orc
Aim: Blork the orc, wielding a +6 dire flail of protection and wearing a +0 robe (severely wounded, fast, 83% to hit)
The blast of sand hits Blork the orc.
Blork the orc is almost dead.
Blork the orc casts a spell at you.
The puff of frost hits you but does no damage.
Blork the orc hits you with a +6 dire flail of protection!
You die...

........#......#. .+
#######........#...#. #.#
#######...####.#>.........
..........'....#... ....####
####......#....#.### .........
#......#........##.........#
#......#.#..................
#......#.#.................
#...####.#...@o...##.....#
#...# #.#...........)...#
#...####+#...............#
#...............##.......#
#...............###).....#
##..............'.'.)....+
##........#.....###......#
#.........#.....###......#####
#####..........##........#....


You could see Blork the orc (fast).

Vanquished Creatures
  A black bear (D:4)
  An ogre (D:4)
  A scorpion (D:4)
  An orc priest (D:4)
  An iguana (D:3)
  An orc wizard (D:4)
  A hound skeleton (D:4)
  Robin (D:4)
  4 gnolls
  3 adders
  An adder skeleton (D:4)
  A worm (D:2)
  7 orcs
  3 endoplasms
  4 giant cockroaches
  10 goblins
  16 hobgoblins
  7 jackals (D:1)
  4 kobolds
  6 quokkas
  5 ball pythons
  9 bats
  3 frilled lizards (D:2)
  5 rats
96 creatures vanquished.

Notes
Turn   | Place    | Note
-------+----------+-------------------------------------------
     0 | D:1      | cummra the Gargoyle Earth Elementalist began the quest for
                  | the Orb.
     0 | D:1      | Reached XP level 1. HP: 10/10 MP: 3/3
   165 | D:1      | Found a faded altar of an unknown god.
   194 | D:1      | Reached skill level 4 in Earth Magic
   194 | D:1      | Reached XP level 2. HP: 15/15 MP: 3/5
   908 | D:1      | Reached XP level 3. HP: 19/19 MP: 4/7
  2128 | D:2      | Reached XP level 4. HP: 14/24 MP: 5/8
  2768 | D:3      | Learned a level 3 spell: Stone Arrow
  2832 | D:3      | Reached skill level 5 in Earth Magic
  3318 | D:3      | Found a runed translucent gate.
  3318 | D:3      | Found a runed translucent gate.
  3318 | D:3      | Found a runed translucent gate.
  3321 | D:3      | Noticed barney's ghost (amateur DrTm)
  3443 | D:3      | Found a hazy altar of Hepliaklqana.
  3574 | D:3      | Reached skill level 1 in Conjurations
  3677 | D:3      | Found a glowing golden altar of the Shining One.
  3677 | D:3      | Found a white marble altar of Elyvilon.
  3677 | D:3      | Found a glowing silver altar of Zin.
  3842 | D:4      | Reached XP level 5. HP: 26/28 MP: 7/10
  3904 | D:4      | Noticed Robin
  3924 | D:4      | Killed Robin
  4534 | D:4      | Reached XP level 6. HP: 32/32 MP: 9/11
  4706 | D:3      | Reached skill level 6 in Earth Magic
  5008 | D:4      | Noticed a black bear
  5012 | D:4      | Killed a black bear
  5200 | D:4      | Reached XP level 7. HP: 36/36 MP: 3/13
  5287 | D:4      | Noticed Blork the orc
  5321 | D:4      | Slain by Blork the orc

Illustrated notes

Levels and vault maps discovered:
D:1:      dpeg_arrival_simpleton_a, layout_loops_ring, basic_ecumenical_altar
D:2:      layout_loops_ring, kennysheep_generic_room_3
D:3:      layout_loops_ring, good_gods_mini_temple,
          worldfamousw_hep_ancestral_shrine, gammafunk_ghost_necromancy
D:4:      layout_basic, dk_noncrumbling_3, grunt_ministairs_7,
          uniq_blork_the_orc, uniq_robin

Skill      XL: |  1  2  3  4  5  6 |
---------------+-------------------+-----
Earth Magic    | 4 5 6 |  6.5
Spellcasting   | 3 4 |  4.5
Conjurations   | 1 2 3 |  3.6
Dodging        | |  1.5
Stealth        | |  2.1
Transmutations | |  0.7

Action                   |  1- 3 |  4- 6 |  7- 9 || total
-------------------------+-------+-------+-------++-------
Melee: Dagger            |   110 |    14 |       ||   124
       Mace              |       |    57 |       ||    57
       Flail             |       |   115 |     1 ||   116
 Cast: Sandblast         |    41 |    60 |     5 ||   106
       Stone Arrow       |       |     9 |     3 ||    12
  Use: Potion            |       |       |     2 ||     2
 Stab: Sleeping          |     1 |     1 |       ||     2
Armor: Robe              |    53 |   120 |     5 ||   178
Dodge: Dodged            |    54 |   135 |     6 ||   195
Block: Other             |    34 |    57 |     2 ||    93
       Reflection        |       |     1 |       ||     1
